 Crawl Stoat Soup version 0.23-ish-327-87-g3a41155e8f (console) character file.

236 damerell the Grave Robber (level 5, -3/48 HPs)
             Began as a Deep Dwarf Necromancer on Mar 30, 2024.
             Slain by an iguana (12 damage)
             ... on level 3 of the Dungeon.
             The game lasted 00:12:45 (3256 turns).

damerell the Grave Robber (Deep Dwarf Necromancer)  Turns: 3256, Time: 00:12:46

Health: -3/48      AC:  2    Str: 11    XL:     5   Next: 77%
Magic:  0/8        EV: 12    Int: 17    God:
Gold:   159        SH:  0    Dex: 13    Spells: 4/8 levels left

rFire    . . .     SeeInvis .   c - +1 dagger (venom)
rCold    . . .     Gourm    .   (no shield)
rNeg     . . .     Faith    .   b - +0 robe
rPois    .         Spirit   .   (no helmet)
rElec    .         Warding  .   (no cloak)
rCorr    .         Reflect  .   (no gloves)
MR       .....     Harm     .   (no boots)
Stlth    ++........             (no amulet)
HPRegen  0.00/turn              (no ring)
MPRegen  0.11/turn              (no ring)

@: non-regenerating
A: damage resistance, heal wounds, sense surroundings 1, no regeneration
a: Heal Wounds


You were on level 3 of the Dungeon.
You were very hungry.

You visited 1 branch of the dungeon, and saw 4 of its levels.

You collected 159 gold pieces.

Inventory:

Hand Weapons
 a - a +0 short sword
 c - a +1 dagger of venom (weapon)
   (You took it off a goblin on level 1 of the Dungeon)
Missiles
 e - 44 stones (quivered)
 q - 20 poisoned darts
Armour
 b - a +0 robe (worn)
Jewellery
 m - an uncursed ring of see invisible {unknown}
   (You found it on level 1 of the Dungeon)
 o - an uncursed amulet of the acrobat {unknown}
   (You found it on level 3 of the Dungeon)
Wands
 h - a wand of flame (40 charges)
Scrolls
 f - a scroll of remove curse {unknown}
 i - a scroll of teleportation {unknown}
 j - a scroll of amnesia {unknown}
Potions
 g - 2 potions of brilliance
 k - a potion of cancellation {unknown}
 l - 2 potions of curing
 n - a potion of invisibility
 p - a potion of heal wounds {unknown}
 r - a potion of berserk rage {unknown}
 t - a potion of lignification {unknown}
Comestibles
 d - 2 bread rations
 s - a meat ration


   Skills:
 - Level 2.9 Fighting
 + Level 1.0 Short Blades
 + Level 2.6 Dodging
 - Level 2.4 Stealth
 + Level 2.1 Spellcasting
 + Level 6.1 Necromancy


You had 4 spell levels left.
You knew the following spells:

 Your Spells              Type           Power        Failure   Level  Hunger
a - Necrotise             Necr           22/25        1%          1    #......
b - Vampiric Draining     Necr           22/200       4%          3    ###....

Your spell library contained the following spells:

 Spells                   Type           Power        Failure   Level  Hunger
 Animate Dead             Necr           N/A          16%         4    #####..
 Regeneration             Chrm/Necr      Unusable     N/A         4    N/A

Dungeon Overview and Level Annotations

Branches:
Dungeon (4/15)
 Temple: D:4-7

Altars:
Uskayaw

Annotations:
D:3 digout dancing weapons


Innate Abilities, Weirdness & Mutations

You are resistant to damage.
You can heal yourself by infusing magical energy.
You passively map a small area around you.
You do not regenerate.


Message History

The orc wizard writhes in agony.
Casting: Necrotise (safe; 1% risk of failure)
Confirm with . or Enter, or press ? or * to list all spells.
Aiming: Vampiric Draining (safe; 4% risk of failure)
Press: ? - help, Shift-Dir - straight line, f/p - orc wizard
Aim: an orc wizard, wielding a dagger and wearing a robe (heavily wounded)
You kill the orc wizard!
Your Short Blades skill increases to level 1!
You feel life coursing into your body.
An orc comes into view. It is wielding a club.
The orc wizard points at you and mumbles some strange words.
The magic dart hits you!
You climb upwards.
Level annotation: digout dancing weapons
There is a stone staircase leading down here.
You start resting.
Magic restored.
You are feeling very hungry.
(D) Dungeon
Where to? (Enter - D:3 @ (x,y), ? - help)
There is an open door here.
There is a stone staircase leading down here.
You climb downwards.
An iguana comes into view.
The orc wizard gestures wildly while chanting.
The orc wizard blinks!
Found a battleaxe, 28 bolts and 11 gold pieces.
There is a stone staircase leading up here.
Unknown command.
Casting: Vampiric Draining (safe; 4% risk of failure)
Confirm with . or Enter, or press ? or * to list all spells.
Aiming: Necrotise (safe; 1% risk of failure)
Press: ? - help, Shift-Dir - straight line, f - orc
Aim: an orc, wielding a club and wearing a leather armour (hasn't noticed you, chance to defeat MR: 91%)
The orc shouts!
The orc writhes in agony!
You kill the orc!
The orc wizard shouts!
Throwing (i - inventory) (/) - cycle)
e - 45 stones (quivered)
Press: ? - help, Shift-Dir - straight line, f - iguana
Aim: an iguana You throw a stone.
The stone hits the orc wizard.
The orc wizard is lightly wounded.
Casting: Necrotise (safe; 1% risk of failure)
Confirm with . or Enter, or press ? or * to list all spells.
Aiming: Necrotise (safe; 1% risk of failure)
Press: ? - help, Shift-Dir - straight line, f/p - orc wizard
Aim: an orc wizard, wielding a dagger and wearing a robe (lightly wounded, chance to defeat MR: 81%)
The orc wizard writhes in agony.
Casting: Necrotise (safe; 1% risk of failure)
Confirm with . or Enter, or press ? or * to list all spells.
Aiming: Necrotise (safe; 1% risk of failure)
Press: ? - help, Shift-Dir - straight line, f/p - orc wizard
Aim: an orc wizard, wielding a dagger and wearing a robe (heavily wounded, chance to defeat MR: 81%)
The orc wizard barely resists.
The orc wizard casts a spell at you. The magic dart hits you!
Casting: Necrotise (safe; 1% risk of failure)
Confirm with . or Enter, or press ? or * to list all spells.
Aiming: Necrotise (safe; 1% risk of failure)
Press: ? - help, Shift-Dir - straight line, f/p - orc wizard
Aim: an orc wizard, wielding a dagger and wearing a robe (moderately wounded, chance to defeat MR: 81%)
The iguana writhes in agony.
The iguana barely misses you.
You climb upwards.
Level annotation: digout dancing weapons
There is a stone staircase leading down here.
Casting: Necrotise (safe; 1% risk of failure)
Confirm with . or Enter, or press ? or * to list all spells.
Aiming: Vampiric Draining (safe; 4% risk of failure)
Press: ? - help, Shift-Dir - straight line, f - iguana
Aim: an iguana (lightly wounded)
The iguana is severely wounded.
You feel life coursing into your body. The iguana barely misses you.
Casting: Vampiric Draining (safe; 4% risk of failure)
Confirm with . or Enter, or press ? or * to list all spells.
Aiming: Necrotise (safe; 1% risk of failure)
Press: ? - help, Shift-Dir - straight line, f/p - iguana
Aim: an iguana (severely wounded, chance to defeat MR: 87%)
The iguana writhes in agony.
The iguana bites you!
Casting: Necrotise (safe; 1% risk of failure)
Confirm with . or Enter, or press ? or * to list all spells.
Aiming: Necrotise (safe; 1% risk of failure)
Press: ? - help, Shift-Dir - straight line, f/p - iguana
Aim: an iguana (severely wounded, chance to defeat MR: 87%)
The iguana writhes in agony.
The iguana bites you!
* * * LOW HITPOINT WARNING * * *
You completely miss the iguana.
The iguana is almost dead.
The iguana barely misses you.
You closely miss the iguana.
The iguana is almost dead.
The iguana closely misses you.
You hit the iguana but do no damage.
The iguana is poisoned.
The iguana is almost dead.
The iguana misses you.
You hit the iguana.
The iguana looks even sicker.
The iguana is almost dead.
The iguana bites you!
You die...

#.#####.#.##l...##.#
#.รท.....#.##@......#
#########.########## #.# #.#
##### ####.### ######## ....#
#......# #......# ###.#
####.##.#.# #.####.#
###.###.......#.####.####.#
...........#...........##.#####
.##.###.........####.#........#
.##.# ####.#....# #.#.##.###<#
.##.# #......# #.#.##.# #.#
....# ####.### #......###.#
.#### #.# ###.)...##.# .# ##'##
#.###.##.# .# ##...##
#.###.##.#


You could see an iguana.

Vanquished Creatures
  2 orc wizards
  Natasha (thrice) (D:2)
  2 adders
  A dart slug (D:1)
  3 leopard geckos
  9 orcs
  6 giant cockroaches
  7 hobgoblins
  5 jackals
  7 bats
  A frilled lizard (D:3)
  12 goblins
  8 kobolds
  9 rats
75 creatures vanquished.

Vanquished Creatures (collateral kills)
  A rat (D:2)
1 creature vanquished.

Grand Total: 76 creatures vanquished

Notes
Turn   | Place    | Note
-------+----------+-------------------------------------------
     0 | D:1      | damerell the Deep Dwarf Necromancer began the quest for the
                  | Orb.
     0 | D:1      | Reached XP level 1. HP: 15/15 MP: 3/3
   257 | D:1      | Reached skill level 1 in Fighting
   257 | D:1      | Reached XP level 2. HP: 18/25 MP: 1/4
   704 | D:1      | Reached skill level 5 in Necromancy
   704 | D:1      | Reached XP level 3. HP: 21/31 MP: 3/5
   709 | D:1      | Learned a level 3 spell: Vampiric Draining
   921 | D:2      | Noticed Natasha
   927 | D:2      | Killed Natasha
   934 | D:2      | Reached XP level 4. HP: 30/39 MP: 0/6
  1459 | D:2      | Noticed Natasha
  1466 | D:2      | Killed Natasha
  1648 | D:2      | Noticed Natasha
  1657 | D:2      | HP: 12/40 [Natasha (2)]
  1659 | D:2      | Killed Natasha
  1659 | D:2      | Reached XP level 5. HP: 10/48 MP: 0/7
  1807 | D:3      | HP: 12/48 [hobgoblin/club (3)]
  1905 | D:3      | HP: 12/48 [kobold/stone (3)]
  1988 | D:3      | Noticed a dagger
  1992 | D:3      | Noticed a dagger
  2022 | D:3      | Found a hide-covered altar of Uskayaw.
  2501 | D:3      | Reached skill level 6 in Necromancy
  3171 | D:4      | Reached skill level 1 in Short Blades
  3252 | D:3      | HP: 9/48 [iguana (11)]
  3256 | D:3      | Slain by an iguana

Vault maps used:
D:1:      minmay_arrival_wavy_path, minmay_cut_off
D:2:      uniq_natasha
D:3:      dancing_weapons_uskayaw, guppyfry_early_orc_mine
D:4:      minmay_opposing_rooms, gammafunk_temple_overflow_arena

Skill      XL: |  1  2  3  4  5 |
---------------+----------------+-----
Fighting       | 1 2 |  2.9
Necromancy     | 5 6 |  6.1
Spellcasting   | 2 |  2.1
Short Blades   | 1 |  1.0
Dodging        | |  2.6
Stealth        | |  2.4

Action                   |  1- 3 |  4- 6 || total
-------------------------+-------+-------++-------
Melee: Short sword       |     3 |       ||     3
       Dagger            |    10 |    32 ||    42
Throw: Stone             |    12 |    25 ||    37
 Cast: Necrotise         |    37 |    51 ||    88
       Vampiric Draining |     1 |    19 ||    20
 Abil: Heal Wounds       |       |     1 ||     1
  Use: Scroll            |     1 |     2 ||     3
  Eat: Chunk             |     1 |     4 ||     5
       Meat ration       |       |     1 ||     1
Armor: Robe              |     2 |     9 ||    11
Dodge: Dodged            |    14 |    37 ||    51

Table legend:
 A = Spawn XP
 B = Non-spawn XP
 C = Spawn XP percentage of total XP
 D = Spawn monster count
 E = Non-spawn monster count
 F = Spawn count percentage of total count
 G = Total turns spent on level
                    A         B        C        D         E        F      G
               +---------+---------+-------+---------+---------+-------+---------
         Total |      35 |     303 |  10.4 |      14 |      62 |  18.4 |  3256
               +---------+---------+-------+---------+---------+-------+---------
           D:1 |       4 |      37 |   9.8 |       3 |      21 |  12.5 |   797
           D:2 |      24 |     134 |  15.2 |       7 |      19 |  26.9 |   914
           D:3 |       7 |      94 |   6.9 |       4 |      20 |  16.7 |  1529
           D:4 |       0 |      38 |   0.0 |       0 |       2 |   0.0 |    16
               +---------+---------+-------+---------+---------+-------+---------
